 Dungeon Crawl Stone Soup version 0.31-a0-152-g6aa68a64a1 (webtiles) character file.

Game seed: 476126413894780494

100 qw the Shooter (level 4, -3/38 HPs)
             Began as a Minotaur Hunter on June 10, 2023.
             Slain by an ogre
             ... wielding a +0 giant club
              (15 damage)
             ... on level 4 of the Dungeon.
             The game lasted 00:00:48 (2320 turns).

qw the Shooter (Minotaur Hunter)                    Turns: 2320, Time: 00:00:48

Health: -3/38      AC:  5    Str: 15    XL:     4   Next: 47%
Magic:  3/3        EV: 11    Int:  6    God:
Gold:   22         SH:  0    Dex: 16    Spells: 3/3 levels left

rFire   . . .        Y - +0 shortbow
rCold   . . .        (shield currently unavailable)
rNeg    . . .        h - +0 ring mail
rPois   .            (helmet restricted)
rElec   .            (no cloak)
rCorr   .            (no gloves)
SInv    .            (no boots)
Will    +....        (no amulet)
Stlth   +            k - ring of willpower
HPRegen 0.26/turn    (no ring)
MPRegen 0.08/turn

%: no passive effects
@: no status effects
A: horns 2, retaliatory headbutt
a: no special abilities


You were on level 4 of the Dungeon.
You visited 1 branch of the dungeon, and saw 4 of its levels.

You collected 70 gold pieces.
You spent 48 gold pieces at shops.


Innate Abilities, Weirdness & Mutations

You have a pair of horns on your head.
You reflexively headbutt those who attack you in melee.


   Skills:
 + Level 3.3 Fighting
 - Level 6.0 Ranged Weapons
 - Level 1.4 Armour
 - Level 2.1 Dodging
 - Level 0.7 Stealth


You had 3 spell levels left.
You didn't know any spells.
Your spell library was empty.

Inventory:

Hand Weapons
 Y - a +0 shortbow (weapon)
Armour
 h - a +0 ring mail (worn)
Jewellery
 k - a ring of willpower (left hand)
Scrolls
 a - a scroll of identify
 b - a scroll of enchant weapon {unknown}
 d - a scroll of teleportation
Potions
 c - a potion of haste
 e - a potion of curing
 f - a potion of heal wounds {unknown}
 g - a potion of brilliance {unknown}
 i - a potion of mutation {unknown}

Dungeon Overview and Level Annotations

Branches:
Dungeon (4/15)
 Temple: D:4-7

Altars:

Shops:
D:3 ?

Annotations:
D:2 1 runed translucent door, Crazy Yiuf


Message History

Done exploring.
2273 ||| READING 3 scrolls of identify.
As you read the scroll of identify, it crumbles to dust.
b - a potion of attraction
2273 ||| IDENTIFYING glowing black potion Done exploring.
2274 ||| READING 2 scrolls of identify.
As you read the scroll of identify, it crumbles to dust.
e - a potion of curing;
2274 ||| IDENTIFYING fizzy red potion Done exploring.
2275 ||| DROPPING potion of attraction.
You drop a potion of attraction.
Done exploring.
(D) Dungeon
Where to? (* - list waypoints, Enter - D:3, ? - help)
What level of the Dungeon? (default 1, ? - help)
There is an open door here.
There is a stone staircase leading down here.
You climb downwards.
Found a scroll labelled RUOGGUZUTOPN.
There is a stone staircase leading up here.
Waypoint 3 assigned to D:4.
b - a scroll labelled RUOGGUZUTOPN An ogre comes into view.
It is wielding a +0 giant club.
You shoot an arrow. The arrow hits the ogre.
The ogre is lightly wounded.
You shoot an arrow. The arrow hits the ogre.
The ogre is moderately wounded.
You shoot an arrow. The arrow hits the ogre.
The ogre is moderately wounded.
You shoot an arrow. The arrow hits the ogre!
The ogre is heavily wounded.
You shoot an arrow. The arrow hits the ogre.
The ogre is severely wounded.
The ogre hits you with a +0 giant club!!
Ouch! That really hurt!
You shoot an arrow. The arrow barely misses the ogre.
You shoot an arrow. The arrow hits the ogre.
The ogre is severely wounded.
The ogre hits you with a +0 giant club!
You die...

##########.#
#..........#
#.....####.
#....<# ###
####.##
#....
#.####......
#...@.......
#####O......
.......
.#.....
.##.... .#
.... ## ###


You could see an ogre.

Vanquished Creatures
  4 adders
  A worm (D:3)
  A dart slug (D:1)
  An orc (D:3)
  6 ball pythons
  4 endoplasms (D:1)
  A giant cockroach (D:1)
  7 goblins
  5 hobgoblins
  6 kobolds
  2 quokkas
  9 bats
  6 frilled lizards
  4 rats
57 creatures vanquished.

Notes
Turn   | Place    | Note
-------+----------+-------------------------------------------
     0 | D:1      | qw the Minotaur Hunter began the quest for the Orb.
     0 | D:1      | Reached XP level 1. HP: 18/18 MP: 0/0
     0 | D:1      | 0 ||| qw: Version: 0.2-a-122-gbc61b45
     0 | D:1      | 0 ||| qw: Game counter: 3565
     0 | D:1      | 0 ||| qw: Always use a shield: true
     0 | D:1      | 0 ||| qw: God list: Okawaru
     0 | D:1      | 0 ||| qw: Allow faded altars: false
     0 | D:1      | 0 ||| qw: Do Orc after D:15 true
     0 | D:1      | 0 ||| qw: Do second Lair branch before Depths: true
     0 | D:1      | 0 ||| qw: Lair rune preference: random
     0 | D:1      | 0 ||| qw: Plans: Normal
     0 | D:1      | 0 ||| PLANNING D:1-11
   146 | D:1      | Reached XP level 2. HP: 25/25 MP: 1/1
   208 | D:1      | Reached skill level 5 in Ranged Weapons
   500 | D:1      | Reached skill level 3 in Fighting
   800 | D:1      | Reached XP level 3. HP: 31/31 MP: 2/2
  1013 | D:1      | 1013 ||| UPGRADING to +0 ring mail.
  1023 | D:1      | 1023 ||| DROPPING +0 leather armour.
  1024 | D:1      | 1024 ||| READING scroll labelled LASULEE YB ZOI.
  1025 | D:1      | 1025 ||| READING scroll labelled MAPARCHUANU.
  1026 | D:1      | 1026 ||| READING scroll labelled MAASANABBAHU.
  1030 | D:1      | 1030 ||| DROPPING scroll of butterflies.
  1132 | D:2      | Reached skill level 1 in Armour
  1482 | D:2      | Found a runed translucent door.
  1483 | D:2      | Noticed Crazy Yiuf
  1566 | D:2      | 1566 ||| READING scroll labelled FAUSIJ ITYISEF.
  1567 | D:2      | 1567 ||| READING scroll labelled HETOXAVVI.
  1568 | D:2      | 1568 ||| DRINKING 2 green potions.
  1639 | D:3      | Reached XP level 4. HP: 38/38 MP: 3/3
  1976 | D:3      | Reached skill level 6 in Ranged Weapons
  2019 | D:3      | Found Kafrib's Magic Scroll Emporium.
  2155 | D:3      | 2155 ||| BUYING scroll of identify (24 gold).
  2155 | D:3      | Bought a scroll of identify for 24 gold pieces
  2155 | D:3      | 2155 ||| BUYING scroll of identify (24 gold).
  2155 | D:3      | Bought a scroll of identify for 24 gold pieces
  2155 | D:3      | 2155 ||| SHOPLISTING scroll of identify (24 gold, have 22).
  2155 | D:3      | 2155 ||| SHOPLISTING scroll of teleportation (36 gold, have
                  | 22).
  2271 | D:3      | 2271 ||| UPGRADING to ring of willpower.
  2272 | D:3      | 2272 ||| READING scroll labelled XOCESI XOCUE.
  2273 | D:3      | 2273 ||| READING 3 scrolls of identify.
  2273 | D:3      | 2273 ||| IDENTIFYING glowing black potion
  2274 | D:3      | 2274 ||| READING 2 scrolls of identify.
  2274 | D:3      | 2274 ||| IDENTIFYING fizzy red potion
  2275 | D:3      | 2275 ||| DROPPING potion of attraction.
  2313 | D:4      | Noticed an ogre
  2320 | D:4      | Slain by an ogre

Levels and vault maps discovered:
D:1:      sevenhm_arrival_forest_fort_large_4, layout_basic,
          corexii_leaking_fountain
D:2:      layout_rooms, uniq_crazy_yiuf_cottage
D:3:      layout_basic, serial_shops, nicolae_shop_peninsula,
          grunt_decor_arrowhead, chequers_arboretum
D:4:      layout_basic, gammafunk_temple_overflow_pools, serial_curves,
          eino_curves_02, eino_curves_04, nrook_loot_triangle,
          supply_closet_lemuel, uniq_sigmund

Skill      XL: |  1  2  3  4 |
---------------+-------------+-----
Ranged Weapons | 5 6 |  6.0
Fighting       | 3 |  3.3
Armour         | 1 |  1.4
Dodging        | |  2.1
Stealth        | |  0.7

Action                     |  1- 3 |  4- 6 || total
---------------------------+-------+-------++-------
   Fire: Shortbow          |   111 |    47 ||   158
    Use: Scroll            |     5 |     3 ||     8
         Potion            |     1 |       ||     1
 Armour: Leather armour    |     8 |       ||     8
         Ring mail         |     2 |     5 ||     7
  Dodge: Dodged            |    16 |    16 ||    32

Table legend:
 A = Non-vault XP
 B = Vault XP
 C = Vault XP percentage of total XP
 D = Non-vault monster count
 E = Vault monster count
 F = Vault count percentage of total count
                 A         B        C        D         E       F
            +---------+---------+-------+---------+---------+-------
      Total |     144 |       0 |   0.0 |      57 |       0 |   0.0
            +---------+---------+-------+---------+---------+-------
        D:1 |      46 |       0 |   0.0 |      27 |       0 |   0.0
        D:2 |      44 |       0 |   0.0 |      13 |       0 |   0.0
        D:3 |      54 |       0 |   0.0 |      17 |       0 |   0.0
            +---------+---------+-------+---------+---------+-------
